 Dungeon Crawl Stone Soup version 0.25-a0-591-g2ad0d861f1 (webtiles) character file.

Game seed: 13834908894967915948, levelgen mode: deterministic

54 Esekla the Charlatan (level 3, -4/17 HPs)
             Began as a Spriggan Artificer on Mar 13, 2020.
             Slain by an iguana (7 damage)
             ... on level 2 of the Dungeon.
             The game lasted 00:05:25 (1392 turns).

Esekla the Charlatan (Spriggan Artificer)           Turns: 1392, Time: 00:05:25

Health: -4/17      AC:  2    Str: 11    XL:     3   Next: 66%
Magic:  7/7        EV: 19    Int: 13    God:
Gold:   68         SH:  0    Dex: 16    Spells: 6/6 levels left

rFire    . . .     SeeInvis +   a - +0 short sword
rCold    . . .     Gourm    .   (shield restricted)
rNeg     . . .     Faith    .   b - +0 robe
rPois    .         Spirit   .   (helmet restricted)
rElec    .         Reflect  .   (no cloak)
rCorr    .         Harm     .   (gloves unavailable)
MR       .....                  (boots unavailable)
Stlth    ++........             (no amulet)
HPRegen  0.05/turn              p - +3 ring of strength
MPRegen  0.10/turn              (no ring)

@: very quick
A: very small, unfitting armour, see invisible, herbivore, speed 3, slow
metabolism 2
a: no special abilities


You were on level 2 of the Dungeon.
You were not hungry.

You visited 1 branch of the dungeon, and saw 2 of its levels.

You collected 68 gold pieces.

Inventory:

Hand Weapons
 a - a +0 short sword (weapon)
Missiles
 l - 14 poisoned darts (quivered)
Armour
 b - a +0 robe (worn)
 n - a +0 leather armour
Jewellery
 p - a +3 ring of strength (left hand)
Wands
 c - a wand of flame (15)
 d - a wand of enslavement (15)
 e - a wand of random effects (15)
Scrolls
 g - a scroll of magic mapping {unknown}
 i - a scroll of fog {unknown}
 k - 3 scrolls of identify {unknown}
 q - a scroll of teleportation {unknown}
Potions
 h - 2 potions of cancellation {unknown}
 j - a potion of berserk rage {unknown}
 m - 2 potions of degeneration {unknown}
 o - a potion of curing {unknown}
Comestibles
 f - 4 rations


   Skills:
 - Level 0.7 Fighting
 * Level 2.5 Short Blades
 * Level 3.6 Dodging
 + Level 2.0 Stealth
 * Level 2.3 Spellcasting
 - Level 4.0 Evocations


You had 6 spell levels left.
You didn't know any spells.
Your spell library was empty.

Dungeon Overview and Level Annotations

Branches:
Dungeon (2/15)

Altars:
Hepliaklqana


Innate Abilities, Weirdness & Mutations

You are very small and have problems with some larger weapons.
You are too small for most types of armour.
You have supernaturally acute eyesight. (SInv)
You are a herbivore.
You cover ground extremely quickly.
You need to consume almost no food.


Message History

You barely miss the iguana. The iguana completely misses you.
Throwing (i - inventory)
l - 16 poisoned darts (quivered)
Press: ? - help, Shift-Dir - straight line, f/p - iguana
Aim: an iguana You throw a poisoned dart.
The poisoned dart closely misses the iguana.
Throwing (i - inventory)
l - 15 poisoned darts (quivered)
Press: ? - help, Shift-Dir - straight line, f/p - iguana
Aim: an iguana You throw a poisoned dart.
The poisoned dart hits the iguana.
The iguana is poisoned.
You barely miss the iguana.
The iguana is lightly wounded.
The iguana bites you!
Ouch! That really hurt!
* * * LOW HITPOINT WARNING * * *
You hit the iguana.
The iguana is heavily wounded.
The iguana bites you!
You die...

...# #...# #.# .. ...#
#...# ... .. ...#
#...###.###.## ...#
#..........w. ...#
#...###.###.# #.##
#..<.....)#.# #.#
#...........# #.#
#.........#############
..#
.....##+##.@.††..........#
### #####
#..#l#############.#
########.#K# ...$..K....#
.....(..#(.# ........#..#
........#..# ...........#
...........#


You could see an iguana and a kobold.

Vanquished Creatures
  2 adders (D:2)
  A worm (D:2)
  A ball python (D:2)
  4 giant cockroaches (D:1)
  4 goblins
  2 hobgoblins
  3 jackals (D:2)
  2 kobolds (D:1)
  A quokka (D:2)
  7 bats
  A frilled lizard (D:1)
  5 rats (D:1)
33 creatures vanquished.

Notes
Turn   | Place    | Note
-------+----------+-------------------------------------------
     0 | D:1      | Esekla the Spriggan Artificer began the quest for the Orb.
     0 | D:1      | Reached XP level 1. HP: 9/9 MP: 4/4
    59 | D:1      | Reached skill level 1 in Spellcasting
   146 | D:1      | Reached XP level 2. HP: 14/14 MP: 6/6
   926 | D:2      | Found a hazy altar of Hepliaklqana.
   981 | D:2      | Reached XP level 3. HP: 16/17 MP: 7/7
  1392 | D:2      | Slain by an iguana

Levels and vault maps discovered:
D:1:      dpeg_arrival_solitude, layout_basic
D:2:      layout_basic, lemuel_doored_altar

Skill      XL: |  1  2  3 |
---------------+----------+-----
Spellcasting   | 1 2 |  2.3
Short Blades   | 2 |  2.5
Stealth        | 2 |  2.0
Fighting       | |  0.7
Dodging        | |  3.6
Evocations     | |  4.0

Action                   || total
-------------------------++-------
Melee: Short sword       ||    92
Throw: Dart              ||    18
 Stab: Sleeping          ||     4
Armor: Robe              ||    22
Dodge: Dodged            ||    75

Table legend:
 A = Non-vault XP
 B = Vault XP
 C = Vault XP percentage of total XP
 D = Non-vault monster count
 E = Vault monster count
 F = Vault count percentage of total count
                 A         B        C        D         E       F
            +---------+---------+-------+---------+---------+-------
      Total |      78 |       0 |   0.0 |      33 |       0 |   0.0
            +---------+---------+-------+---------+---------+-------
        D:1 |      28 |       0 |   0.0 |      19 |       0 |   0.0
        D:2 |      50 |       0 |   0.0 |      14 |       0 |   0.0
            +---------+---------+-------+---------+---------+-------
